 Dungeon Crawl Stone Soup version 0.18.1-47-g9310371 (webtiles) character file.

249 matakusis the Grave Robber (level 5, -2/35 HPs)
             Began as a Demonspawn Necromancer on June 16, 2016.
             Slain by Menkaure (18 damage)
             ... on level 4 of the Dungeon.
             The game lasted 00:15:34 (3815 turns).

matakusis the Grave Robber (Demonspawn Necromancer) Turns: 3815, Time: 00:15:35

Health: -2/35      AC:  2    Str:  8    XL:     5   Next: 87%
Magic:  11/11      EV: 12    Int: 17    God:
Gold:   247        SH:  0    Dex: 14    Spells: 3 memorised, 6 levels left

rFire  . . .     SeeInvis .     k - +1 dagger (venom)
rCold  . . .     Gourm    .     a - +0 robe
rNeg   . . .     Faith    .     (no shield)
rPois  +         Spirit   .     (helmet restricted)
rElec  .         Dismiss  .     (no cloak)
rCorr  .         Reflect  .     (no gloves)
SustAt .         Harm     .     (no boots)
MR     .....                    (no amulet)
Stlth  ++........               (no ring)
                                l - ring of poison resistance

@: not resistant to hostile enchantments, unstealthy
A: horns 1, demonic guardian 1, powered by pain 1
a: no special abilities


You were on level 4 of the Dungeon.
You were not hungry.

You visited 1 branch of the dungeon, and saw 4 of its levels.

You collected 247 gold pieces.

Inventory:

Hand Weapons
 k - a +1 dagger of venom (weapon)
Armour
 a - a +0 robe (worn)
Jewellery
 l - a ring of poison resistance (left hand)
 m - an uncursed ring of ice
Scrolls
 e - a scroll of enchant weapon
 n - a scroll of remove curse {unknown}
Potions
 h - a potion of mutation {unknown}
Books
 b - a book of Necromancy

   Spells                             Type                      Level
   a - Pain                           Necromancy                   1
   b - Animate Skeleton               Necromancy                   1
   c - Vampiric Draining              Necromancy                   3
   d - Regeneration                   Charms/Necromancy            3
   e - Animate Dead                   Necromancy                   4
   f - Control Undead                 Necromancy                   4
Comestibles
 c - a bread ration
 d - a beef jerky
 f - a chunk of flesh
 g - a meat ration
 i - a royal jelly
 j - a slice of pizza


   Skills:
 - Level 1.7 Dodging
 - Level 1.7 Stealth
 + Level 4.2 Spellcasting
 + Level 6.4 Necromancy


You had 6 spell levels left.
You knew the following spells:

 Your Spells              Type           Power        Failure   Level  Hunger
a - Pain                  Necr           ####         1%          1    None
b - Animate Skeleton      Necr           N/A          1%          1    None
c - Animate Dead          Necr           N/A          14%         4    ####...


Dungeon Overview and Level Annotations

Branches:
Dungeon (4/15)
 Temple: D:4-7

Altars:
Cheibriados
Fedhas
Zin

Annotations:
D:4 Menkaure


Innate Abilities, Weirdness & Mutations

You have a pair of small horns on your head.
A weak demonic guardian rushes to your aid.
You sometimes gain a little power by taking damage.


Message History

Found a stone staircase leading up.
Found a mace.
Found a hand axe.
You now have 247 gold pieces (gained 15).
As you open the door, it creaks loudly!
Menkaure, Prince of Dust comes into view.
Menkaure calls on the powers of darkness!
Your body is wracked with pain!
Found a snail-covered altar of Cheibriados.
Found a ring mail.
Casting: Pain
Confirm with . or Enter, or press ? or * to list all spells.
You can't see any susceptible monsters within range! (Use Z to cast anyway.) Unknown command.
Casting: Pain
Confirm with . or Enter, or press ? or * to list all spells.
You can't see any susceptible monsters within range! (Use Z to cast anyway.) Menkaure hits you!!
Ouch! That really hurt!
You die...

#. #.....
..##########...#
##)...........).#
.'..............#
#...........##Z##
#.........Z.##..#
#...........###Z#
#...<.......# #.#
##...........# #@#
#............'.M........
#............####.5.....
#....#######.# .[...?.
#....# #.# .......
#....# #.# .......
#....# #.# .......
..#### #.# ..#+### ..#


You could see Menkaure, a friendly quasit, a friendly giant newt zombie and a
friendly quokka skeleton.

Vanquished Creatures
  6 gnolls (D:2)
  4 adders
  2 oozes (D:1)
  2 adder skeletons (D:4)
  4 worms
  2 giant geckos
  5 orcs
  6 giant cockroaches
  13 goblins
  7 hobgoblins
  4 jackals (D:3)
  4 quokkas
  3 ball pythons (D:1)
  5 bats
  5 giant newts
  6 kobolds
  9 rats
87 creatures vanquished.

Vanquished Creatures (collateral kills)
  The ghost of TBriggs11TB the Skirmisher, a weakling HOFi of Okawaru (D:4)
  2 gnolls (D:2)
  A worm (D:3)
  2 plants (D:1)
6 creatures vanquished.

Grand Total: 93 creatures vanquished

Notes
Turn   | Place    | Note
--------------------------------------------------------------
     0 | D:1      | matakusis the Demonspawn Necromancer began the quest for the Orb.
     0 | D:1      | Reached XP level 1. HP: 13/13 MP: 3/3
     2 | D:1      | Learned a level 1 spell: Animate Skeleton
   162 | D:1      | Gained mutation: You sometimes gain a little power by taking damage. [demonic ancestry]
   162 | D:1      | Reached XP level 2. HP: 15/19 MP: 0/5
   415 | D:1      | Reached skill level 5 in Necromancy
  1271 | D:1      | Gained mutation: A weak demonic guardian rushes to your aid. [demonic ancestry]
  1271 | D:1      | Reached XP level 3. HP: 17/24 MP: 1/6
  1866 | D:2      | Reached XP level 4. HP: 23/30 MP: 1/8
  1953 | D:2      | Learned a level 4 spell: Animate Dead
  2366 | D:3      | Gained mutation: You have a pair of small horns on your head. [demonic ancestry]
  2366 | D:3      | Reached XP level 5. HP: 34/35 MP: 7/10
  2487 | D:3      | Reached skill level 6 in Necromancy
  3399 | D:2      | Found a glowing silver altar of Zin.
  3691 | D:4      | Found a blossoming altar of Fedhas.
  3707 | D:4      | Noticed TBriggs11TB's ghost (weakling HOFi)
  3736 | D:4      | Killed TBriggs11TB's ghost
  3804 | D:4      | Noticed Menkaure
  3806 | D:4      | Found a snail-covered altar of Cheibriados.
  3815 | D:4      | Slain by Menkaure

Skill      XL: |  1  2  3  4  5 |
---------------+----------------+-----
Necromancy     | 5 6 |  6.4
Spellcasting   | 3 4 |  4.2
Dodging        | |  1.7
Stealth        | |  1.7

Action                   |  1- 3 |  4- 6 || total
-------------------------+-------+-------++-------
Melee: Dagger            |   177 |    43 ||   220
       Headbutt          |       |     8 ||     8
 Cast: Pain              |    76 |    82 ||   158
       Animate Skeleton  |    16 |     2 ||    18
       Animate Dead      |       |    11 ||    11
  Use: Scroll            |       |     5 ||     5
       Potion            |       |     3 ||     3
 Stab: Sleeping          |       |     1 ||     1
       Distracted        |       |     2 ||     2
  Eat: Chunk             |     4 |     9 ||    13
Armor: Robe              |     6 |     9 ||    15
Dodge: Dodged            |    31 |    25 ||    56
